Map: Dusk Towers

Players

Frozzen - Winner!

  • Race: Zerg Zerg
  • League: Gold

iLoVeMyFaNs

  • Race: Protoss Protoss
  • League: Platinum

VOD

Have the link to the VOD?

Description

Time

  • Played on: Nov. 17, 2015, 9:58 p.m.
  • Length: 10:50
Show
View Real Time Build Order
Export as new Build Order

Frozzen Zerg - Winner!

Build Orders: Hatch First 

Get SALT Encoding   

  12  0:02  Drone  
  13  0:12  Overlord  
  13  0:17  Drone  
  14  0:31  Drone  
  14  0:32  Drone  
  16  0:50  Hatchery  
  16  0:52  Drone  
  16  0:56  Drone  
  17  1:00  Drone  
  18  1:15  Spawning Pool  
  18  1:17  Drone  
  18  1:21  Drone  
  19  1:31  Drone  
  20  1:39  Overlord  
  20  1:52  Extractor  
  19  2:02  Queen x2  
  19  2:03  Zergling x6  
  26  2:24  Drone x2  
  26  2:25  Drone x2  
  30  2:35  Overlord  
  30  2:36  Drone  
  31  2:40  Queen  
  33  2:45  Drone x2  
  35  2:53  Metabolic Boost  
  35  2:55  Drone  
  35  2:56  Overlord  
  36  3:07  Drone x2  
  36  3:11  Drone  
  39  3:13  Drone x5  
  39  3:19  Overlord  
  43  3:25  Zergling x2  
  42  3:32  Drone x2  
  42  3:33  Lair  
  41  3:40  Drone  
  39  3:42  Drone  
  39  3:56  Drone x4, Overlord  
  39  3:58  Drone x3  
  46  4:14  Drone x2  
  48  4:17  Extractor  
  48  4:20  Extractor  
  48  4:21  Extractor  
  48  4:24  Evolution Chamber  
  44  4:25  Evolution Chamber  
  44  4:29  Drone x2  
  44  4:30  Drone x2  
  47  4:31  Overseer  
  46  4:39  Hydralisk Den  
  46  4:41  Drone x2  
  47  4:49  Zergling x8  
  51  4:55  Drone x2  
  51  4:56  Drone x2  
  55  5:03  Hatchery  
  54  5:12  Muscular Augments  
  54  5:23  Zerg Missile Weapons Level 1  
  54  5:25  Drone  
  54  5:26  Drone x3  
  54  5:27  Drone x3  
  61  5:37  Hydralisk  
  61  5:38  Hydralisk  
  65  5:48  Drone x2  
  67  6:06  Overlord x2  
  67  6:07  Overlord x4  
  67  6:16  Zerg Ground Armor Level 1  
  67  6:17  Drone  
  67  6:18  Drone x5  
  73  6:20  Overlord  
  73  6:29  Drone x3  
  76  6:33  Hatchery  
  76  6:37  Drone x2  
  76  6:38  Drone  
  78  6:46  Overlord  
  78  6:47  Hydralisk x5  
  78  6:51  Lurker Den  
  88  7:04  Drone x3  
  88  7:05  Drone, Extractor x2  
  88  7:06  Drone x2, Hydralisk  
  88  7:07  Hydralisk  
  96  7:09  Hydralisk  
  98  7:18  Roach Warren  
  98  7:20  Zerg Missile Weapons Level 2  
  97  7:25  Hydralisk  
  97  7:26  Hydralisk x4  
  107  7:34  Drone x4  
  111  7:37  Spore Crawler  
  111  7:41  Drone x2  
  111  7:42  Drone  
  111  7:44  Spine Crawler  
  112  7:45  Spine Crawler  
  112  7:49  Hydralisk  
  113  7:53  Zergling x8  
  113  7:55  Overlord x2  
  117  7:58  Glial Reconstitution  
  117  7:59  Roach  
  117  8:00  Roach x4  
  127  8:16  Spine Crawler  
  127  8:17  Spine Crawler  
  125  8:20  Spine Crawler, Roach  
  125  8:21  Spine Crawler, Roach x13  
  151  8:30  Lurker x3  
  151  8:31  Zergling x2  
  151  8:32  Zergling x6  
  158  8:40  Roach  
  160  8:41  Overlord  
  160  8:42  Overlord x3  
  160  8:57  Spine Crawler  
  160  8:58  Spine Crawler  
  158  9:05  Hydralisk x10  
  158  9:09  Overseer  
  178  9:21  Ravager  
  178  9:23  Overlord x2  
  179  9:24  Zergling x2  
  179  9:25  Zergling x10  
  185  9:35  Infestation Pit  
  184  9:47  Hatchery  
  152  10:06  Hydralisk x12  
  156  10:07  Hydralisk  
  172  10:27  Zergling x2  
  172  10:28  Zergling x16  
Show
View Real Time Build Order
Export as new Build Order

iLoVeMyFaNs Protoss 

Build Orders:  

Get SALT Encoding   

  12  0:01  Probe (Chrono Boost)  
  13  0:11  Probe (Chrono Boost)  
  14  0:19  Pylon  
  14  0:23  Probe (Chrono Boost)  
  15  0:37  Probe (Chrono Boost)  
  15  0:40  Gateway  
  16  0:48  Probe (Chrono Boost)  
  17  0:51  Assimilator  
  17  0:59  Probe (Chrono Boost)  
  18  1:09  Probe (Chrono Boost)  
  19  1:23  Gateway  
  19  1:28  Cybernetics Core  
  19  1:31  Probe (Chrono Boost)  
  20  1:41  Assimilator  
  20  1:44  Pylon  
  20  1:48  Probe (Chrono Boost)  
  21  1:57  Pylon  
  21  1:58  Probe (Chrono Boost)  
  22  2:09  Probe (Chrono Boost)  
  22  2:15  Adept x2  
  26  2:17  Warp Gate (Chrono Boost)  
  26  2:37  Probe (Chrono Boost)  
  27  2:38  Nexus  
  27  2:43  Zealot  
  29  2:54  Probe  
  30  3:23  Mothership Core  
  26  3:50  Probe  
  26  3:52  Probe  
  28  4:01  Probe  
  28  4:03  Robotics Facility  
  28  4:04  Probe, Robotics Facility  
  30  4:10  Gateway  
  30  4:11  Gateway  
  30  4:13  Probe  
  30  4:16  Probe  
  32  4:22  Sentry  
  32  4:23  Sentry  
  36  4:24  Probe  
  36  4:28  Probe  
  38  4:37  Probe  
  38  4:40  Probe  
  38  4:42  Pylon  
  40  4:47  Pylon  
  40  4:48  Probe  
  40  4:51  Assimilator  
  40  4:52  Probe  
  42  4:53  Warp Prism  
  42  4:58  Probe  
  44  5:04  Probe  
  47  5:07  Observer  
  47  5:10  Probe  
  48  5:14  Robotics Bay  
  48  5:16  Probe  
  48  5:17  Zealot  
  48  5:18  Zealot x2  
  55  5:23  Forge  
  55  5:29  Probe  
  55  5:30  Probe  
  57  5:35  Assimilator  
  57  5:40  Immortal (Chrono Boost)  
  61  5:51  Pylon  
  61  5:52  Probe  
  62  6:03  Pylon  
  62  6:08  Probe  
  62  6:09  Disruptor (Chrono Boost)  
  66  6:16  Probe  
  66  6:18  Protoss Ground Weapons Level 1 (Chrono Boost)  
  67  6:19  Disruptor (Chrono Boost)  
  67  6:22  Forge  
  70  6:27  Sentry x2  
  70  6:30  Zealot x2  
  78  7:13  Protoss Ground Armor Level 1 (Chrono Boost)  
  78  7:17  Twilight Council  
  78  7:21  Nexus  
  78  7:22  Pylon  
  78  7:25  Pylon  
  78  7:36  Pylon  
  78  7:39  Pylon  
  78  7:40  Pylon  
  78  7:42  Extended Thermal Lance  
  78  7:46  Zealot  
  78  7:47  Stalker x3  
  86  7:52  Gateway  
  86  7:56  Gateway  
  86  8:00  Charge (Chrono Boost)  
  86  8:01  Gateway  
  86  8:07  Stalker  
  86  8:10  Stalker  
  86  8:11  Zealot  
  86  8:12  Stalker  
  94  8:30  Sentry  
  94  8:33  Zealot x2  
  100  8:35  Stalker  
  102  8:49  Probe x3  
  105  8:56  Adept x3  
  105  8:58  Adept  
  105  8:59  Adept  
  105  9:00  Probe  
  105  9:01  Probe x2  
  118  9:03  Pylon  
  118  9:13  Probe x2  
  118  9:14  Probe  
  121  9:18  Pylon  
  121  9:23  Colossus (Chrono Boost)  
  121  9:25  Probe  
  121  9:26  Probe  
  121  9:28  Colossus (Chrono Boost)  
  135  9:35  Probe  
  135  9:37  Probe  
  133  9:59  Zealot x5  
  113  10:00  Zealot  
  77  10:09  Probe x2  
  77  10:10  Probe  
  76  10:20  Stalker x2  
  76  10:21  Stalker x5  
  86  10:22  Mothership Core  
Tags
 
Matchup
PvZ
Replay Pack
21-11-15
Add a new tag
Caveats
  • Supply blocks, unpowered buildings, or Contaminate may cause inaccurate times.
  • Supply counts are checked every 10 seconds.